 Dungeon Crawl Stone Soup version 0.18-a0-596-g6468885 (webtiles) character file.

125942 Duffy the Executioner (level 16, -4/149 HPs)
             Began as a Hill Orc Fighter on Dec 3, 2015.
             Was a High Priest of Cheibriados.
             Slain by a sixfirhy (9 damage)
             ... summoned by a deep elf demonologist
             ... on level 3 of the Elven Halls.
             The game lasted 00:45:17 (33419 turns).

Duffy the Executioner (Hill Orc Fighter)           Turns: 33419, Time: 00:45:17

Health: -4/149     AC: 30    Str: 38    XL:     16   Next: 97%
Magic:  23/23      EV: 20    Int: 27    God:    Cheibriados [*****.]
Gold:   531        SH:  0    Dex: 25    Spells: 0 memorised, 15 levels left

rFire  + . .     SeeInvis .     a - +4 executioner's axe (freeze)
rCold  . . .     Clarity  .     T - +0 plate armour
rNeg   + . .     SustAt   .     (shield currently unavailable)
rPois  .         Gourm    .     S - +2 helmet {Int+3}
rElec  .         Spirit   .     N - +2 cloak {MR+}
rCorr  .         Dismiss  .     u - +2 pair of gloves {Dex+3}
rMut   .         Stasis   .     I - +1 pair of boots
MR     ++...                    q - amulet of faith
Stlth  ..........               r - ring of Moyhases {rN+ Int+4}
                                X - ring of protection from fire

@: lethally poisoned (-4 -> -33), very slow, very resistant to hostile
enchantments, extremely unstealthy
A: no striking features
a: Bend Time, Temporal Distortion, Slouch, Step From Time, Renounce Religion


You were on level 3 of the Elven Halls.
You worshipped Cheibriados.
Cheibriados was extremely pleased with you.
You were not hungry.

You visited 5 branches of the dungeon, and saw 28 of its levels.
You also visited: Labyrinth.

You collected 2851 gold pieces.
You spent 2320 gold pieces at shops.


   Skills:
 + Level 15.5 Fighting
 + Level 21.0 Axes
 + Level 14.7 Armour
 + Level 11.6 Dodging
   Level 3.2 Shields
 - Level 10.0 Invocations


You had 15 spell levels left.
You didn't know any spells.

Inventory:

Hand Weapons
 a - a +4 executioner's axe of freezing (weapon)
Missiles
 l - 127 poisoned needles
 M - 4 throwing nets
 U - 5 javelins of penetration (quivered)
Armour
 u - a +2 pair of gloves of dexterity (worn)
 I - a +1 pair of boots (worn)
 N - a +2 cloak of magic resistance (worn)
 S - a +2 helmet of intelligence (worn)
 T - a +0 plate armour (worn)
Jewellery
 b - an uncursed ring of protection from cold
 p - an uncursed ring of sustain attributes
 q - an amulet of faith (around neck)
 r - the ring of Moyhases (right hand) {rN+ Int+4}

   [ring of positive energy]

   It affects your intelligence (+4).
   It protects you from negative energy.
 K - an uncursed ring of poison resistance
 Q - an uncursed ring of positive energy
 X - a ring of protection from fire (left hand)
 Z - a +2 ring of protection
Wands
 h - a wand of paralysis (8)
 o - a wand of magic darts (32)
 x - a wand of disintegration (6)
 B - a wand of paralysis (11)
 O - a wand of fireball (9)
 P - a wand of digging (6)
 R - a wand of cold (5)
Scrolls
 c - 3 scrolls of magic mapping
 g - 12 scrolls of remove curse
 j - 18 scrolls of teleportation
 k - 4 scrolls of identify
 m - 4 scrolls of recharging
 v - 3 scrolls of fog
 z - a scroll of vulnerability
 C - 5 scrolls of fear
 G - 5 scrolls of immolation
 H - a scroll of summoning
 J - 2 scrolls of blinking
Potions
 d - 3 potions of might
 f - 3 potions of cancellation
 i - 4 potions of resistance
 s - 4 potions of brilliance
 w - 3 potions of heal wounds
 V - 3 potions of curing
 W - 3 potions of flight
Miscellaneous
 L - a fan of gales
Comestibles
 e - 14 bread rations
 n - 40 fruits
 A - 8 meat rations
 E - 10 slices of pizza
 Y - a royal jelly

Dungeon Overview and Level Annotations

Branches:
Dungeon (15/15)            Temple (1/1) D:4            Lair (5/8) D:8
 Shoals (0/4) Lair:5        Snake (0/4) Lair:5          Orc (4/4) D:11
    Elf (3/3) Orc:4        Vaults (0/5) D:14         Depths (0/5) D:15

Altars:
Ashenzari
Cheibriados
Dithmenos
Elyvilon
Fedhas
Gozag
Kikubaaqudgha
Makhleb
Nemelex Xobeh
Okawaru
Pakellas
Qazlal
Ru
Sif Muna
Trog
Vehumet
Xom
Yredelemnul
Zin
The Shining One
Beogh

Shops:
D:6 *   D:8 *   D:14 ::   Orc:1 %   Orc:2 %   Orc:4 :(??

Annotations:
Elf:2 3 runed doors


Message History

You feel very sick.
The deep elf death mage completely misses you.
The sixfirhy misses you.
The deep elf death mage hits you but does no damage.
Found 5 fruits.
Things that are here:
a longbow; 11 poisoned arrows; a plate armour You slice the deep elf death mage!!
You freeze the deep elf death mage.
The deep elf death mage is heavily wounded.
You slice the deep elf demonologist like a ripe choko!!!
You freeze the deep elf demonologist!
The deep elf demonologist is almost dead.
You slice the ice devil!!
The ice devil is heavily wounded.
You closely miss the sixfirhy.
The sixfirhy is heavily wounded.
You feel very sick.
You hear a shout! x4
The sixfirhy hits you but does no damage. x2
The sixfirhy misses you.
The deep elf demonologist hits you but does no damage.
The sixfirhy closely misses you. The ice devil completely misses you.
The deep elf death mage hits you but does no damage.
You closely miss the deep elf demonologist.
The deep elf demonologist is almost dead.
You slice the ice devil!!
You kill the ice devil!
You miss the sixfirhy.
The sixfirhy is heavily wounded.
You slash the deep elf death mage! You freeze the deep elf death mage.
The deep elf death mage is severely wounded.
You feel sick. The sixfirhy closely misses you.
The sixfirhy completely misses you. The sixfirhy hits you.
The sixfirhy shocks you!
You die...

}...##...}...#
(...##....(## .
....##...## .( ##..%
##)##
...#....##)))##
.......##..).)##
#.....).)*..))).....
#...#.(.........#..
# #@4#.....#..#
#)ee.##.##....#
#..)..#### .....#
......%.# ......
..#..)..## .....#
...###....# #.#
##..#. ## #.....


You could see a deep elf death mage, a deep elf demonologist, a sixfirhy and a
lost soul.

Action                   |  1- 3 |  4- 6 |  7- 9 | 10-12 | 13-15 | 16-18 || total
-------------------------+-------+-------+-------+-------+-------+-------++-------
Melee: War axe           |    85 |   217 |   411 |   707 |   599 |       ||  2019
       Falchion          |       |       |       |    34 |    34 |       ||    68
       Battleaxe         |       |       |       |       |   596 |       ||   596
       Executioner's axe |       |       |       |       |   168 |   157 ||   325
Invok: Slouch            |       |       |       |       |    17 |     7 ||    24
Evoke: Wand              |       |       |       |     3 |       |     3 ||     6
  Use: Scroll            |       |       |       |    14 |    12 |       ||    26
       Potion            |       |       |       |       |    10 |     2 ||    12
 Stab: Distracted        |       |       |       |       |     1 |     1 ||     2
       Confused          |       |       |       |       |     1 |       ||     1
  Eat: Chunk             |       |     8 |     8 |    14 |    22 |       ||    52
       Royal jelly       |       |       |       |       |     2 |     2 ||     4
       Fruit             |       |       |       |       |     2 |       ||     2
       Beef jerky        |       |       |       |       |     2 |       ||     2

Notes
Turn   | Place    | Note
--------------------------------------------------------------
     0 | D:1      | Duffy the Hill Orc Fighter began the quest for the Orb.
     0 | D:1      | Reached XP level 1. HP: 19/19 MP: 1/1
    54 | D:1      | Reached skill level 3 in Axes
   178 | D:1      | Reached XP level 2. HP: 24/26 MP: 2/2
   273 | D:2      | Reached skill level 4 in Axes
   394 | D:2      | Reached XP level 3. HP: 22/31 MP: 3/3
   516 | D:2      | Noticed Natasha
   527 | D:2      | Killed Natasha
   527 | D:2      | Reached skill level 5 in Axes
   687 | D:2      | Reached XP level 4. HP: 39/39 MP: 4/4
  1079 | D:3      | Reached skill level 6 in Axes
  1250 | D:4      | Noticed Menkaure
  1258 | D:3      | Reached XP level 5. HP: 13/45 MP: 5/5
  1480 | D:4      | Killed Menkaure
  1480 | D:4      | Reached skill level 8 in Axes
  1480 | D:4      | Reached XP level 6. HP: 9/51 MP: 6/6
  1740 | D:4      | Found a staircase to the Ecumenical Temple.
  1746 | Temple   | Entered the Ecumenical Temple
  1832 | Temple   | Became a worshipper of Cheibriados the Contemplative
  1984 | D:2      | Noticed Natasha
  1987 | D:2      | Killed Natasha
  2373 | D:1      | Found a sparkling altar of Nemelex Xobeh.
  2454 | D:1      | Reached * piety under Cheibriados
  2973 | D:2      | Reached ** piety under Cheibriados
  3011 | D:2      | Noticed Natasha
  3022 | D:2      | Killed Natasha
  3605 | D:3      | Reached skill level 1 in Dodging
  3766 | D:3      | Noticed 4thArraOfDagon's ghost (weakling FoFi)
  3780 | D:3      | Killed 4thArraOfDagon's ghost
  3780 | D:3      | Reached *** piety under Cheibriados
  3780 | D:3      | Reached skill level 9 in Axes
  3982 | D:4      | Reached XP level 7. HP: 54/57 MP: 7/7
  4400 | D:5      | Entered Level 5 of the Dungeon
  4409 | D:5      | Reached skill level 4 in Armour
  4521 | D:5      | Found a shimmering altar of Xom.
  4540 | D:5      | Reached skill level 2 in Dodging
  4541 | D:5      | Noticed 4thArraOfDagon's ghost (amateur MiGl)
  4554 | D:5      | Killed 4thArraOfDagon's ghost
  4554 | D:5      | Reached skill level 10 in Axes
  4755 | D:5      | Reached XP level 8. HP: 60/66 MP: 8/8
  4843 | D:5      | Reached **** piety under Cheibriados
  4843 | D:5      | Reached skill level 5 in Armour
  4849 | D:5      | Reached skill level 4 in Fighting
  4870 | D:5      | Noticed Sigmund
  4880 | D:5      | Killed Sigmund
  5217 | D:5      | Reached skill level 11 in Axes
  5458 | D:5      | Found a glowing silver altar of Zin.
  5600 | D:5      | Reached skill level 3 in Dodging
  5853 | D:6      | Noticed Edmund
  5866 | D:6      | Killed Edmund
  5866 | D:6      | Reached skill level 5 in Fighting
  5866 | D:6      | Reached XP level 9. HP: 72/74 MP: 9/9
  5901 | D:6      | Found an opulent altar of Gozag.
  5901 | D:6      | Found Gozag's Platinum Reserve.
  5901 | D:6      | Noticed Eustachio
  5915 | D:6      | Killed Eustachio
  5915 | D:6      | Reached skill level 6 in Armour
  6100 | D:6      | Reached skill level 12 in Axes
  6151 | D:6      | Found a bloodstained altar of Trog.
  6151 | D:6      | Noticed a moth of wrath
  6469 | D:4      | Reached ***** piety under Cheibriados
  6998 | D:3      | Reached skill level 4 in Dodging
  7422 | D:3      | Reached skill level 6 in Fighting
  8031 | D:7      | Reached ****** piety under Cheibriados
  8152 | D:7      | Reached skill level 7 in Armour
  8309 | D:7      | Reached skill level 13 in Axes
  8345 | D:7      | Reached XP level 10. HP: 84/84 MP: 10/10
  8583 | D:8      | Noticed Duffy's ghost (novice VSCj)
  8589 | D:8      | Killed Duffy's ghost
  8589 | D:8      | Reached skill level 7 in Fighting
  8977 | D:8      | Found Hijuokh's Assorted Antiques.
  8982 | D:8      | Bought a scroll labeled GAETENUIWKUAXT for 25 gold pieces
  8982 | D:8      | Bought a scroll labeled VAIFO ESEIPN for 25 gold pieces
  8982 | D:8      | Bought a scroll labeled MIOSUNGE HITORR for 25 gold pieces
  8982 | D:8      | Bought a glowing helmet for 112 gold pieces
  9115 | D:8      | Found a staircase to the Lair.
  9138 | D:8      | Noticed Maurice
  9139 | D:8      | Paralysed by something for 7 turns
  9154 | Lair:1   | Entered Level 1 of the Lair of Beasts
  9430 | D:8      | Paralysed by something for 6 turns
  9445 | D:8      | Killed Maurice
  9445 | D:8      | Reached skill level 5 in Dodging
  9908 | D:8      | Reached skill level 1 in Invocations
 10017 | D:8      | Reached skill level 2 in Invocations
 10198 | D:9      | Reached skill level 14 in Axes
 10219 | D:9      | Reached skill level 3 in Invocations
 10300 | D:9      | Noticed a three-headed hydra
 10307 | D:9      | Killed a one-headed hydra
 10307 | D:9      | Reached skill level 5 in Invocations
 10528 | D:9      | Reached XP level 11. HP: 92/92 MP: 15/15
 10560 | D:9      | Reached skill level 6 in Invocations
 10609 | D:8      | Reached skill level 15 in Axes
 10711 | D:8      | Reached skill level 7 in Invocations
 10887 | D:9      | Noticed Erolcha
 10895 | D:9      | Killed Erolcha
 10895 | D:9      | Reached skill level 8 in Invocations
 11607 | D:10     | Entered Level 10 of the Dungeon
 11607 | D:10     | Noticed Urug
 11607 | D:10     | Noticed a hill giant
 11623 | D:9      | Killed Urug
 11623 | D:9      | Reached skill level 9 in Invocations
 11678 | D:10     | Killed a hill giant
 11678 | D:10     | Reached skill level 16 in Axes
 12151 | D:10     | Noticed Nergalle
 12165 | D:10     | Killed Nergalle
 12301 | D:10     | Reached skill level 10 in Invocations
 12819 | D:10     | Killed an unseen horror
 12819 | D:10     | Reached skill level 8 in Armour
 12819 | D:10     | Reached XP level 12. HP: 53/101 MP: 19/19
 13334 | D:8      | Reached skill level 8 in Fighting
 13596 | Lair:1   | Noticed an eight-headed hydra
 13608 | Lair:1   | Killed a one-headed hydra
 14003 | Lair:1   | Noticed a five-headed hydra
 14013 | Lair:1   | Killed a one-headed hydra
 14013 | Lair:1   | Reached skill level 6 in Dodging
 14133 | Lair:1   | Reached skill level 9 in Fighting
 14183 | Lair:1   | Reached skill level 17 in Axes
 14662 | Lair:2   | Reached skill level 9 in Armour
 14746 | Lair:2   | Noticed a four-headed hydra
 14754 | Lair:2   | Killed a one-headed hydra
 15545 | Lair:3   | Noticed a four-headed hydra
 15557 | Lair:3   | Killed a one-headed hydra
 16485 | Lair:4   | Reached XP level 13. HP: 113/113 MP: 20/20
 16522 | Lair:4   | Reached skill level 10 in Fighting
 16525 | Lair:4   | Reached skill level 7 in Dodging
 16570 | Lair:4   | Found a labyrinth entrance.
 16585 | Lab      | Entered a labyrinth
 17007 | Lab      | Noticed a minotaur
 17015 | Lab      | Killed a minotaur
 17015 | Lab      | Reached skill level 10 in Armour
 18829 | Lair:5   | Found a staircase to the Snake Pit.
 18831 | Lair:5   | Reached skill level 18 in Axes
 18982 | Lair:5   | Reached skill level 11 in Fighting
 19082 | Lair:5   | Reached skill level 8 in Dodging
 19324 | Lair:5   | Identified the Reference Book on Good Luck and Beguiling (You found it on level 5 of the Lair of Beasts)
 19896 | Lair:5   | Found a staircase to the Shoals.
 20152 | D:11     | Reached skill level 11 in Armour
 20168 | D:11     | Found a roughly hewn altar of Beogh.
 20715 | D:11     | Found a radiant altar of Vehumet.
 20939 | D:11     | Found a staircase to the Orcish Mines.
 21024 | D:11     | Reached XP level 14. HP: 124/124 MP: 21/21
 21981 | D:12     | Reached skill level 12 in Fighting
 22689 | D:12     | Found a glowing silver altar of Zin.
 23406 | D:13     | Reached skill level 9 in Dodging
 23948 | D:13     | Reached skill level 12 in Armour
 24182 | D:13     | Reached skill level 19 in Axes
 25024 | D:14     | Found Qymimn's Book Shoppe.
 25373 | D:14     | Found a gate to the Vaults.
 25478 | D:14     | Noticed Azrael
 25499 | D:14     | Killed Azrael
 25551 | D:14     | Noticed 4thArraOfDagon's ghost (novice DgFi)
 25717 | D:14     | Found a shimmering altar of Xom.
 25722 | D:14     | Killed 4thArraOfDagon's ghost
 25722 | D:14     | Reached skill level 13 in Fighting
 25796 | D:14     | Reached XP level 15. HP: 135/135 MP: 22/22
 25990 | D:14     | Found Rustrosch's Book Shoppe.
 26449 | D:15     | Entered Level 15 of the Dungeon
 26457 | D:15     | Reached skill level 10 in Dodging
 26550 | D:15     | Found a staircase to the Depths.
 26789 | D:15     | Found a shadowy altar of Dithmenos.
 26991 | D:15     | Reached skill level 13 in Armour
 27427 | D:15     | Found a runed door.
 27628 | D:15     | Found a roughly hewn altar of Beogh.
 28154 | Orc:1    | Entered Level 1 of the Orcish Mines
 28189 | Orc:2    | Found Evihaci's Food Emporium.
 28233 | Orc:3    | Reached skill level 20 in Axes
 28255 | Orc:4    | Entered Level 4 of the Orcish Mines
 28542 | Orc:4    | Found Bitur's Magic Scroll Boutique.
 28571 | Orc:4    | Found an ancient bone altar of Kikubaaqudgha.
 28591 | Orc:4    | Found Heecul's Antique Weapon Boutique.
 28603 | Orc:4    | Reached skill level 14 in Fighting
 28609 | Orc:4    | Found a roughly hewn altar of Beogh.
 28609 | Orc:4    | Found Puguseu's Magic Scroll Shop.
 28610 | Orc:4    | Found Wiwirchuc's Book Boutique.
 28619 | Orc:4    | Found a radiant altar of Vehumet.
 28899 | Orc:4    | Bought a scroll of acquirement for 676 gold pieces
 29121 | Orc:4    | Found a staircase to the Elven Halls.
 29709 | Orc:3    | Found a roughly hewn altar of Beogh.
 30673 | Orc:1    | Found Jahof's Food Shop.
 31035 | Orc:4    | Bought 2 scrolls of acquirement for 1352 gold pieces
 31103 | Orc:4    | Bought a scroll of enchant weapon for 105 gold pieces
 31151 | Elf:1    | Entered Level 1 of the Elven Halls
 31317 | Elf:1    | Reached XP level 16. HP: 122/146 MP: 23/23
 31577 | Elf:2    | Found a runed gate.
 31577 | Elf:2    | Found a runed gate.
 31577 | Elf:2    | Found a runed gate.
 31616 | Elf:3    | Entered Level 3 of the Elven Halls
 31953 | Elf:3    | Reached skill level 11 in Dodging
 32211 | Elf:3    | Reached skill level 14 in Armour
 32546 | Elf:3    | Noticed a Hell Sentinel
 32875 | Elf:3    | Got a brightly glowing turquoise ring
 32881 | Elf:3    | Identified the ring of Moyhases {rN+ Int+4} (You took it off a deep elf priest on level 3 of the Elven Halls)
 32883 | Elf:3    | Noticed a deep elf master archer
 32890 | Elf:3    | Killed a deep elf master archer
 32890 | Elf:3    | Reached skill level 15 in Fighting
 33024 | Elf:3    | Noticed a deep elf blademaster
 33028 | Elf:3    | Killed a deep elf blademaster
 33035 | Elf:3    | Noticed an Ice Fiend
 33404 | Elf:3    | Noticed a deep elf master archer
 33413 | Elf:3    | Killed a deep elf master archer
 33415 | Elf:3    | Killed a ghostly deep elf master archer
 33415 | Elf:3    | Reached skill level 21 in Axes
 33419 | Elf:3    | Slain by a sixfirhy

Vault maps used:
D:1:      co_arrival_hexagon_in_a_hexagon, nemelex_deck
D:2:      first_bread, uniq_natasha
D:3:      lemuel_castle_with_subvaults, minmay_misc_feat_diagonals
D:4:      minmay_temple_entry_enclosed_plants, saegor_snake_ambush,
          uniq_menkaure
D:5:      lemuel_doored_altar, st_stairs_14, grunt_decor_fettered,
          minmay_fountain_box, xom_confusion_cloud, uniq_sigmund
D:6:      nicolae_gozag_zags_fifth_avenue, tgw_trog, uniq_edmund, uniq_eustachio
D:7:      wad_woods_tower
D:8:      serial_shops, shop, uniq_maurice
D:9:      hangedman_ranch, uniq_erolcha
D:10:     grunt_ministairs_3, uniq_nergalle, uniq_urug
D:11:     hiddenorc1_lemuel, special_room, basic_altar
D:12:     basic_altar, serial_bayou, serial_bayou_pond_d, serial_bayou_ford_a,
          serial_bayou_lagoon_b, serial_bayou_pond_c
D:14:     david_vaults_2, serial_shops, nicolae_shop_stone,
          nicolae_shop_waterfront, basic_altar, uniq_azrael
D:15:     gammafunk_depths_entry_grave, nicolae_dithmenos_the_darkroom,
          minivault_25, lightli_church_of_beogh
Temple:   grunt_circular_temple_18
Lair:1:   beast_lair_carwin_10
Lair:2:   minivault_27
Lair:3:   serial_bayou_lake_a, lemuel_fruit_tree
Lair:4:   kennysheep_rathole, lab_entry_generic, beast_lair_carwin_7
Lair:5:   elwin_shoals_entry_rooms, minmay_snake_entry_six_corridors,
          st_stairs_8
Orc:1:    serial_shops, nicolae_shop_waterfront
Orc:2:    serial_shops, shop
Orc:3:    basic_altar, nicolae_orc_pool_cavern
Orc:4:    kennysheep_orc_mage_school
Elf:1:    serial_shops, shop_fountains, hangedman_elf_disciples
Elf:3:    grunt_elf_hall_diamonds, hangedman_elven_pyramids
Lab:      labyrinth_spiral, nicolae_lab_checkerboard, nicolae_lab_plus,
          nicolae_lab_statue, nicolae_lab_do_over, nicolae_lab_swirl

Vanquished Creatures
  A deep elf blademaster
  2 deep elf master archers
  3 deep elf sorcerers
  An orc warlord
  6 deep elf demonologists
  6 deep elf annihilators Azrael
  3 deep elf death magi
  2 deep elf high priests
  A yaktaur captain
  A minotaur Erolcha
  3 centaur warriors
  10 hydras
  2 dancing weapons
  A death yak
  3 ogre magi
  The ghost of 4thArraOfDagon the Spear-Bearer, a novice DgFi
  A tengu warrior Urug
  2 orc high priests Nergalle
  12 deep elf knights
  2 skeletal warriors
  2 unseen horrors
  A deep elf summoner
  A phantasmal warrior
  A tengu zombie
  8 hill giants
  5 deep elf conjurers
  A griffon
  A necromancer
  10 orc sorcerers
  The ghost of Duffy the Destroyer, a novice VSCj of Sif Muna
  5 orc knights
  A frost giant zombie
  7 ugly things
  A tengu skeleton
  5 elephants
  A black mamba (shapeshifter)
  4 cyclopes
  8 black mambas
  A fire giant skeleton Maurice
  3 manticores
  9 spiny frogs
  2 yaktaurs
  2 fire drakes
  A kobold demonologist
  9 deep elf priests
  A komodo dragon
  2 two-headed ogres
  3 tengu conjurers
  2 merfolk
  8 trolls
  A jumping spider (shapeshifter)
  2 polar bears
  3 slime creatures
  A trapdoor spider
  16 deep elf magi
  3 wraiths Sigmund
  2 shadows
  54 yaks
  3 water elementals Eustachio
  2 wyverns
  4 basilisks
  5 hippogriffs
  12 deep elf fighters
  2 wargs Menkaure
  3 hungry ghosts
  2 mottled dragons
  A soldier ant
  7 vampire mosquitoes Edmund
  9 porcupines
  15 wolves
  4 sky beasts
  5 hell hounds
  14 water moccasins
  An eye of draining
  4 black bears
  7 ice beasts
  2 phantoms
  The ghost of 4thArraOfDagon the Twirler, an amateur MiGl of Ashenzari
  17 ogres
  21 orc warriors
  3 necrophages
  A wasp
  8 crocodiles
  14 centaurs
  8 big kobolds
  12 giant frogs
  4 scorpions
  13 wights
  The ghost of 4thArraOfDagon the Shield-Bearer, a weakling FoFi
  13 electric eels
  13 crimson imps
  9 killer bees
  2 giant frog zombies
  9 hounds
  24 orc priests
  3 gnoll shamans
  7 centaur zombies
  11 iguanas
  5 centaur skeletons
  2 giant frog skeletons
  2 jellies
  56 orc wizards
  2 quasits
  Natasha (thrice)
  2 hell rats
  13 worker ants
  A killer bee zombie
  2 sheep
  2 hound zombies
  4 hound skeletons
  A worker ant zombie
  43 gnolls
  15 adders
  34 river rats
  6 shadow imps
  An adder zombie
  9 worms
  3 adder skeletons
  11 giant geckos
  238 orcs
  6 giant cockroaches
  8 goblins
  9 hobgoblins
  24 jackals
  23 kobolds
  7 quokkas
  7 ball pythons
  17 bats
  A giant cockroach zombie
  4 giant newts
  A jackal zombie
  A quokka zombie
  13 rats
  A fulminant prism
  6 fungi
  7 plants
1146 creatures vanquished.
